 Dungeon Crawl Stone Soup version 0.16-a0-3389-g45633df (webtiles) character file.

986 4tharraofdagon the Poker (level 7, -4/59 HPs)
             Began as a Demigod Wanderer on Dec 30, 2014.
             Slain by an orc warrior
             ... wielding a +0 flail
              (17 damage)
             ... on level 7 of the Dungeon.
             The game lasted 00:20:10 (4397 turns).

4tharraofdagon the Poker (Demigod Wanderer)         Turns: 4397, Time: 00:20:11

Health: -4/59      AC: 10    Str: 18    XL:     7   Next: 65%
Magic:  12/12      EV: 13    Int: 16    God:
Gold:   65         SH:  0    Dex: 21    Spells: 0 memorised, 6 levels left

rFire  x . .     SeeInvis .     y - +3 trident of True Grit {flame, +Fly rElec rF- Stlth+} (curse)
rCold  . . .     Clarity  .     j - +0 chain mail
rNeg   + . .     SustAb   +     (no shield)
rPois  .         Gourm    .     (no helmet)
rElec  +         Spirit   .     p - +0 cloak
rCorr  .         Warding  +     (no gloves)
rMut   .         Stasis   .     (no boots)
MR     .....                    n - amulet of warding
Stlth  +.........               (no ring)
                                (no ring)

@: agile, not resistant to hostile enchantments, very unstealthy
A: claws 1, spit poison 1, placid magic 1, sustain abilities
a: Spit Poison, Evoke Flight


You were on level 7 of the Dungeon.
You were hungry.

You visited 1 branch of the dungeon, and saw 7 of its levels.

You collected 235 gold pieces.
You spent 170 gold pieces at shops.

Inventory:

Hand weapons
 a - a +2 hand crossbow
 b - a +0 short sword
 c - a +0 quarterstaff
 q - a +0 halberd
 v - a +0 blowgun
 y - the cursed +3 trident of True Grit (weapon) {flame, +Fly rElec rF- Stlth+}
   (You bought it in a shop on level 5 of the Dungeon)

   It emits flame when wielded, causing extra injury to most foes and up to half
   as much damage over again against particularly susceptible opponents.
   It makes you vulnerable to fire.
   It insulates you from electricity.
   It lets you fly.
   It makes you more stealthy.
   It has a curse placed upon it.
Missiles
 e - 56 bolts
 w - 18 poisoned needles
 C - 22 silver bolts
Armour
 d - a +0 robe
 g - a +0 ring mail
 j - a +0 chain mail (worn)
 p - a +0 cloak (worn)
Jewellery
 m - an uncursed amulet of inaccuracy
 n - an amulet of warding (around neck)
Magical devices
 r - a wand of cold (6)
 B - a wand of confusion (25)
Scrolls
 i - a scroll of noise
 k - a scroll of enchant armour
 A - 2 scrolls of identify
Potions
 o - a potion of brilliance
 s - a potion of agility
 t - a potion of ambrosia
Comestibles
 f - 7 bread rations
 h - a royal jelly
 l - 2 meat rations


   Skills:
 + Level 4.1 Fighting
 * Level 5.0(5.4) Polearms
 - Level 2.9(4.4) Staves
 - Level 1.0 Crossbows
 - Level 1.0 Throwing
 + Level 4.5 Armour
 - Level 2.0 Dodging
 - Level 1.0 Stealth


You had 6 spell levels left.
You didn't know any spells.

Dungeon Overview and Level Annotations

Branches:
Dungeon (7/15)             Temple (0/1) D:4

Shops:
D:5 (

Annotations:
D:4 Grinder
D:5 Herrn's ghost, experienced GrFi


Innate Abilities, Weirdness & Mutations

Your attributes are resistant to harm.
You have sharp fingernails.
You can spit poison.
Your spells are a little easier to cast, but a little less powerful.


Message History

The orc warrior hits you with a flail!
You hit the orc warrior. You burn the orc warrior.
The orc warrior is almost dead.
The orc warrior hits you but does no damage.
You hit the orc warrior. You burn the orc warrior.
The orc warrior is almost dead.
You barely miss the orc warrior.
The orc warrior is almost dead.
The orc warrior closely misses you.
You completely miss the orc warrior.
The orc warrior is almost dead.
The orc warrior hits you with a flail!
* * * LOW HITPOINT WARNING * * *
You are too injured to fight recklessly!
You are too injured to fight recklessly!
You are too injured to fight recklessly!
You closely miss the orc warrior.
The orc warrior is almost dead.
The orc warrior hits you with a flail!
You die...

.. ### o..F #..# #....
###### #..####..##.
#.##@# #...........
###<##o# ###..?.###.
...##...##.####...##.#
#............o.####.##
#....###....)...........
..####.....##..P.P.#.##
. #.##.####.._..... ...
#.# #.P.P...# #.## #.#
#........


You could see an orc warrior.

Vanquished Creatures
  A water moccasin (D:7)
  A phantom (D:5)
  A giant frog (D:6)
  A scorpion (D:5)
  A water moccasin skeleton (D:5)
  A crimson imp (D:6)
  2 hounds
  A giant frog skeleton (D:5)
  3 orc priests
  A giant frog zombie (D:5)
  2 worker ants
  2 iguanas
  An orc wizard (D:4)
  8 gnolls
  A shadow imp (D:4)
  5 adders
  2 worms (D:3)
  3 giant geckos
  18 orcs
  A bat skeleton (D:4)
  6 hobgoblins
  5 jackals
  6 quokkas
  A ball python (D:4)
  7 bats
  5 giant cockroaches
  3 giant newts
  11 goblins
  10 kobolds
  10 rats
120 creatures vanquished.

Notes
Turn   | Place    | Note
--------------------------------------------------------------
     0 | D:1      | 4tharraofdagon, the Demigod Wanderer, began the quest for the Orb.
     0 | D:1      | 4tharraofdagon set off with: a +2 hand crossbow, a +0 short sword, a +0 quarterstaff, a +0 robe, 26 bolts, a bread ration
     0 | D:1      | Reached XP level 1. HP: 17/17 MP: 2/2
    63 | D:1      | Reached skill level 2 in Staves
   169 | D:2      | Found a white marble altar of Elyvilon.
   245 | D:3      | Reached XP level 2. HP: 19/24 MP: 3/3
   326 | D:3      | HP: 1/24 [gnoll/whip (3)]
   331 | D:3      | Reached XP level 3. HP: 1/29 MP: 5/5
   989 | D:3      | Reached XP level 4. HP: 31/36 MP: 7/7
  1078 | D:3      | Found a sparkling altar of Nemelex Xobeh.
  1164 | D:3      | Reached skill level 1 in Polearms
  1173 | D:3      | Noticed an orc priest
  1181 | D:3      | Killed an orc priest
  1233 | D:3      | HP: 1/37 [adder (2)]
  1794 | D:5      | Entered Level 5 of the Dungeon
  1802 | D:5      | Reached XP level 5. HP: 15/42 MP: 8/8
  1802 | D:5      | Reached skill level 3 in Armour
  2324 | D:5      | Found Jeewakoa's Antique Weapon Boutique.
  2327 | D:5      | Noticed Herrn's ghost (experienced GrFi)
  2462 | D:4      | Found a staircase to the Ecumenical Temple.
  2476 | D:4      | Gained mutation: You can spit poison. [potion of mutation]
  2476 | D:4      | Gained mutation: Your spells are a little easier to cast, but a little less powerful. [potion of mutation]
  2476 | D:4      | Gained mutation: You have sharp fingernails. [potion of mutation]
  2490 | D:4      | Reached XP level 6. HP: 49/51 MP: 10/10
  2600 | D:5      | Noticed Grinder
  2606 | D:5      | Noticed a phantom
  3286 | D:5      | Found a sacrificial altar of Ru.
  3377 | D:5      | Reached skill level 4 in Polearms
  3377 | D:5      | Reached XP level 7. HP: 42/57 MP: 12/12
  3426 | D:4      | Paralysed by Grinder for 4 turns
  3432 | D:4      | Paralysed by Grinder for 6 turns
  3462 | D:4      | Paralysed by Grinder for 2 turns
  3816 | D:5      | Killed a phantom
  3866 | D:5      | Bought a twisted trident for 170 gold pieces
  3866 | D:5      | Identified the cursed +3 trident of True Grit {flame, +Fly rElec rF- Stlth+} (You bought it in a shop on level 5 of the Dungeon)
  4090 | D:7      | Reached skill level 5 in Polearms
  4351 | D:7      | Found a basalt altar of Yredelemnul.
  4397 | D:7      | Slain by an orc warrior

Action                   |  1- 3 |  4- 6 |  7- 9 || total
-------------------------+-------+-------+-------++-------
Melee: Quarterstaff      |    84 |       |       ||    84
       Halberd           |     2 |   330 |    33 ||   365
       Trident           |       |       |    60 ||    60
 Fire: Hand crossbow     |    48 |     9 |       ||    57
Throw: Throwing net      |       |     2 |       ||     2
 Abil: Spit Poison       |       |     3 |       ||     3
Evoke: Wand              |       |     3 |       ||     3
  Use: Scroll            |     3 |     5 |     2 ||    10
       Potion            |       |     6 |     2 ||     8
 Stab: Distracted        |       |     1 |       ||     1
       Paralysed         |       |     2 |       ||     2
       Invisible         |       |     1 |       ||     1
  Eat: Chunk             |       |     8 |     2 ||    10
       Pizza             |       |     1 |       ||     1

Vault maps used:
D:1:      minmay_arrival_open_corners
D:2:      lemuel_crystal_altar, first_bread
D:3:      nemelex_diamond_rough_becter
D:4:      minmay_temple_entry_large_hall
D:5:      lemuel_blue_sif_altar, serial_shops, nicolae_shop_overgrown_old_shop,
          nicolae_ru_great_annihilating_truth, uniq_grinder
D:6:      serial_shops, shop, lightli_corner_chamber
D:7:      yredelemnul_altar_generic, lemuel_coloured_pillars_altar,
          fedhas_altar_1, grunt_ogre_cave
